 Dungeon Crawl Stone Soup version 0.29.1-12-g30fa7ad0bf (webtiles) character file.

Game seed: 2438795203438551903

192 mampy3000 the Chopper (level 5, -2/48 HPs)
             Began as a Minotaur Berserker on Dec 29, 2022.
             Was a Believer of Trog.
             Slain by a gnoll
             ... wielding a +0 spear
              (3 damage)
             ... on level 4 of the Dungeon.
             The game lasted 00:10:21 (2513 turns).

mampy3000 the Chopper (Minotaur Berserker)          Turns: 2513, Time: 00:10:22

Health: -2/48      AC: 11    Str: 24    XL:     5   Next: 42%
Magic:  4/4        EV:  7    Int:  4    God:    Trog [**....]
Gold:   163        SH:  0    Dex:  9    Spells: 4/4 levels left

rFire   . . .      SeeInvis .   a - +0 hand axe
rCold   . . .      Faith    .   q - orb {light}
rNeg    . . .      Spirit   .   b - +0 plate armour
rPois   .          Reflect  .   (helmet restricted)
rElec   .          Harm     .   (no cloak)
rCorr   .          Rampage  .   (no gloves)
Will    .....                   (no boots)
Stlth   ..........              (no amulet)
HPRegen 0.16/turn               (no ring)
MPRegen 0.09/turn               (no ring)

@: on berserk cooldown, slowed, glowing, very slow
A: horns 2, retaliatory headbutt
a: Renounce Religion, Berserk, Trog's Hand


You were on level 4 of the Dungeon.
You worshipped Trog.
Trog was pleased with you.
You visited 1 branch of the dungeon, and saw 4 of its levels.

You collected 163 gold pieces.

Inventory:

Hand Weapons
 a - a +0 hand axe (weapon)
 k - a +0 war axe
Armour
 b - a +0 plate armour (worn)
 q - an orb of light (worn)
Jewellery
 i - a +4 ring of protection
 n - a ring of ice
 o - a +6 ring of strength
Scrolls
 c - a scroll of poison {unknown}
 e - a scroll of fear {unknown}
 f - 2 scrolls of torment {unknown}
 j - 3 scrolls of identify {unknown}
 l - a scroll of noise {unknown}
 p - a scroll of brand weapon {unknown}
Potions
 d - a potion of might {unknown}
 g - a potion of degeneration {unknown}
 h - a potion of flight {unknown}
 m - 2 potions of resistance {unknown}
 r - a potion of attraction {unknown}


   Skills:
 + Level 5.0 Fighting
 + Level 5.6 Axes
 + Level 3.3 Armour
 + Level 3.0 Dodging
 + Level 0.5 Stealth


You had 4 spell levels left.
You didn't know any spells.
Your spell library was empty.

Dungeon Overview and Level Annotations

Branches:
Dungeon (4/15)
 Temple: D:4-7

Altars:
Zin


Innate Abilities, Weirdness & Mutations

You have a pair of horns on your head.
You reflexively headbutt those who attack you in melee.


Message History

The ogre is severely wounded.
You hit the jackal.
The jackal bites you but does no damage.
The jackal barely misses you. You furiously retaliate!
You headbutt the jackal!
You kill the jackal!
Trog accepts your kill. The ogre barely misses you.
A red film seems to cover your vision as you go berserk!
You feel yourself moving faster!
You feel mighty! The adder closely misses you. You furiously retaliate!
You headbutt the adder!
You kill the adder!
Trog accepts your kill.
Your Axes skill increases to level 5!
You slash the ogre!
You kill the ogre!
Trog accepts your kill.
Your Fighting skill increases to level 5!
Your Armour skill increases to level 3!
Your Dodging skill increases to level 3!
You have reached level 5!
You see here a giant cockroach corpse.
You feel a strong urge to attack something.
You feel your anger nearly subside.
You are no longer berserk.
You are exhausted.
You feel yourself slow down. 3 gnolls come into view.
The gnoll shouts! x3; You hear a shout!
The gnoll attacks as you move away! The gnoll hits you with a +0 club.
* * * LOW HITPOINT WARNING * * *
The gnoll drinks a potion.
The gnoll flickers and vanishes!
Deactivating autopickup; reactivate with Ctrl-A.
The gnoll hits you with a +0 club.
* * * LOW HITPOINT WARNING * * *
The gnoll attacks as you move away! The gnoll hits you with a +0 club.
* * * LOW HITPOINT WARNING * * *
The gnoll hits you but does no damage. The gnoll barely misses you.
The gnoll hits you with a +0 whip.
* * * LOW HITPOINT WARNING * * *
The gnoll hits you from afar with a +0 spear.
You die...

....##...#
.........#
##.#.##.<.#
#.#.##...# #
#.#.#....#.####
#.#............
##.###.#.#######
.#######...#....#
........g@...#..#
#.......g..#...##
######..g####.##
#...# #.# ##.##
#.# ######.# #.#
#....†.# #.#
#..†)### #.#
#....# #..


You could see 3 gnolls.

Vanquished Creatures
  An ogre (D:4)
  A jelly (D:4)
  2 adders
  2 dart slugs (D:1)
  An orc (D:3)
  9 bats
  6 endoplasms
  3 giant cockroaches (D:4)
  5 goblins
  A hobgoblin (D:1)
  6 jackals
  6 kobolds
  A quokka (D:3)
  3 ball pythons
  3 frilled lizards
  4 rats (D:1)
54 creatures vanquished.

Vanquished Creatures (others)
  5 plants
5 creatures vanquished.

Grand Total: 59 creatures vanquished

Notes
Turn   | Place    | Note
-------+----------+-------------------------------------------
     0 | D:1      | mampy3000 the Minotaur Berserker began the quest for the
                  | Orb.
     0 | D:1      | Reached XP level 1. HP: 19/19 MP: 0/0
   227 | D:1      | Reached XP level 2. HP: 27/27 MP: 1/1
   424 | D:1      | Reached ** piety under Trog
   542 | D:1      | Reached XP level 3. HP: 22/34 MP: 2/2
  1664 | D:3      | Found a glowing silver altar of Zin.
  2381 | D:4      | Reached XP level 4. HP: 31/41 MP: 3/3
  2478 | D:4      | Noticed an ogre
  2491 | D:4      | Reached skill level 5 in Axes
  2491 | D:4      | Killed an ogre
  2492 | D:4      | Reached skill level 5 in Fighting
  2492 | D:4      | Reached XP level 5. HP: 10/48 MP: 4/4
  2512 | D:4      | HP: 1/48 [gnoll/+0 whip (3)]
  2513 | D:4      | Slain by a gnoll

Illustrated notes

Levels and vault maps discovered:
D:1:      eino_arrival_druids_welcome, layout_rooms, minmay_split_cup_small
D:2:      layout_rooms, minivault_24, grunt_decor_clamped
D:3:      layout_basic, nicolae_overflow_hidden_temple, chequers_big_river,
          minmay_misc_feat_more_columns, nicolae_figureground_sparkle
D:4:      layout_loops_ring, minmay_temple_entry_fiery,
          minmay_shop_enchanted_jewellery, minmay_fire_ice_demons, uniq_sigmund

Skill      XL: |  1  2  3  4 |
---------------+-------------+-----
Fighting       | 4 5 |  5.0
Axes           | 4 5 |  5.6
Armour         | 3 |  3.3
Dodging        | 3 |  3.0
Stealth        | |  0.5

Action                   |  1- 3 |  4- 6 || total
-------------------------+-------+-------++-------
Melee: Hand axe          |    94 |     7 ||   101
       Headbutt          |     6 |     2 ||     8
       Punch             |     1 |       ||     1
Invok: Berserk           |       |     1 ||     1
Armor: Animal skin       |     9 |       ||     9
       Leather armour    |    13 |       ||    13
       Plate armour      |    14 |    10 ||    24
       Ring mail         |     3 |       ||     3
Dodge: Dodged            |    73 |     6 ||    79
